 Dungeon Crawl Stone Soup version 0.26.0-16-gc1dbca0489 (webtiles) character file.

Game seed: 3347445773641922602

54 EnegeticOcto the Vexing (level 3, 0/19 HPs)
             Began as a Vine Stalker Arcane Marksman on Jan 19, 2021.
             Succumbed to an adder's poison
             ... on level 2 of the Dungeon.
             The game lasted 00:01:07 (1443 turns).

EnegeticOcto the Vexing (VSAM)                      Turns: 1443, Time: 00:01:07

Health: 0/19       AC:  5    Str: 12 (13) XL:     3   Next: 91%
Magic:  1/6        EV: 12    Int: 12 (13) God:
Gold:   63         SH:  0    Dex: 13 (14) Spells: 3/4 levels left

rFire    . . .     SeeInvis .   c - +0 short sword
rCold    . . .     Faith    .   (no shield)
rNeg     . . .     Spirit   +   e - +0 robe
rPois    .         Reflect  .   (no helmet)
rElec    .         Harm     .   n - +0 cloak
rCorr    .         Rampage  .   (no gloves)
Will     .....                  (no boots)
Stlth    +.........             (no amulet)
HPRegen  0.06/turn              (no ring)
MPRegen  0.10/turn              (no ring)

@: lethally poisoned (0 -> -12)
A: fangs 2, iridescent scales 1, magic shield, antimagic bite, no potion heal 3
a: no special abilities


You were on level 2 of the Dungeon.
You visited 1 branch of the dungeon, and saw 2 of its levels.

You collected 63 gold pieces.

Inventory:

Hand Weapons
 a - a +0 hunting sling
 c - a +0 short sword (weapon)
   (You took it off a kobold on level 1 of the Dungeon)
Missiles
 d - 21 stones
 h - 2 throwing nets (quivered) {!f}
 i - 22 sling bullets
Armour
 e - a +0 robe (worn)
 n - a +0 cloak (worn)
   (You found it on level 1 of the Dungeon)
Scrolls
 j - a scroll of identify {unknown}
 l - a scroll of remove curse {unknown}
Potions
 f - a potion of heal wounds {@q2 !q}
 k - a potion of experience {unknown}
 m - a potion of might {unknown}


   Skills:
 + Level 2.6 Fighting
 - Level 2.0 Slings
 - Level 1.7 Dodging
 - Level 1.4 Spellcasting
 - Level 3.1 Hexes


You had 3 spell levels left.
You knew the following spells:

 Your Spells              Type           Power        Failure   Level
a - Corona                Hex            8%           8%          1

Your spell library contained the following spells:

 Spells                   Type           Power        Failure   Level
 Slow                     Hex            8%           12%         2
 Inner Flame              Hex/Fire       4%           41%         3
 Portal Projectile        Hex/Tloc       8%           41%         3
 Cause Fear               Hex            4%           61%         4
 Leda's Liquefaction      Hex/Erth       2%           83%         4


Dungeon Overview and Level Annotations

Branches:
Dungeon (2/15)

Altars:


Innate Abilities, Weirdness & Mutations

You have extremely sharp teeth.
When hurt, damage is shared between your health and your magic reserves.
Your bite disrupts and absorbs the magic of your enemies.
Potions cannot restore your health.
You are partially covered in iridescent scales. (AC +2)


Message History

The worm is lightly wounded.
The worm bites you!
You completely miss the worm. The worm bites you but does no damage.
You hit the worm.
The worm is lightly wounded.
You hit the worm.
The worm is moderately wounded.
The worm closely misses you.
You hit the worm but do no damage. You bite the worm. You drain its power.
You feel invigorated.
The worm is moderately wounded.
You hit the worm but do no damage. You bite the worm, but do no damage.
The worm is moderately wounded.
The worm completely misses you.
You hit the worm. Your bite misses the worm.
The worm is heavily wounded.
The worm misses you.
You hit the worm. You bite the worm, but do no damage.
The worm is severely wounded.
You hit the worm.
The worm is almost dead.
The worm completely misses you.
You hit the worm.
You kill the worm!
No target in view!
You see here a worm corpse.
f - 2 bubbling ruby potions (gained 1)
Found a stone staircase leading down.
Found a stone staircase leading up.
A rat comes into view.
A rat is nearby!
The rat barely misses you.
You hit the rat.
You kill the rat!
No target in view!
No target in view!
No target in view!
No target in view!
No target in view!
No target in view!
You see here a rat corpse.
An adder comes into view.
An adder is nearby!
An adder is nearby!
An adder is nearby!
The adder hisses angrily.
You hit the adder.
The adder is lightly wounded.
The adder misses you. The adder bites you.
You are poisoned.
The adder poisons you!
You miss the adder.
The adder is lightly wounded.
You feel sick. The adder bites you.
You are more poisoned.
The adder poisons you!
You closely miss the adder. Your bite misses the adder.
The adder is lightly wounded.
The adder bites you.
You miss the adder.
The adder is lightly wounded.
You feel sick. The adder bites you.
You are lethally poisoned!
The adder poisons you! The adder completely misses you.
You are too injured to fight recklessly!
You are too injured to fight recklessly!
You are too injured to fight recklessly!
You are too injured to fight recklessly!
You are too injured to fight recklessly!
You are too injured to fight recklessly!
You are too injured to fight recklessly!
You are too injured to fight recklessly!
You are too injured to fight recklessly!
You are too injured to fight recklessly!
You are too injured to fight recklessly!
You are too injured to fight recklessly!
You are too injured to fight recklessly!
You barely miss the adder. You bite the adder. You drain its power.
You feel invigorated.
The adder is moderately wounded.
You feel sick. The adder bites you.
It was a potion of heal wounds.
That seemed strangely inert.
You feel sick. The adder bites you.
* * * LOW HITPOINT WARNING * * *
The adder misses you.
It was a potion of degeneration.
There was something very wrong with that liquid.
You feel weakened.
You feel dopey.
You feel clumsy.
* * * LOW HITPOINT WARNING * * *
You feel sick. The adder closely misses you.
It was a potion of mutation.
You feel extremely strange.
Your vision blurs.
Your vision sharpens.
Iridescent scales grow over part of your body.
* * * LOW HITPOINT WARNING * * *
You feel sick. The adder bites you.
* * * LOW HITPOINT WARNING * * *
You are more poisoned.
The adder poisons you!
Okay, then.
You die...

. ##.#
#..# #.##
##.# #..#
#.## #.#
#.# #@#
#.S#
.....
#......
#......#
.......#
##......#
#......#


You could see an adder.

Vanquished Creatures
  2 worms (D:2)
  2 dart slugs (D:1)
  2 leopard geckos (D:1)
  A ball python (D:1)
  4 bats (D:1)
  3 goblins (D:1)
  4 hobgoblins (D:1)
  9 jackals
  4 kobolds (D:1)
  2 frilled lizards (D:1)
  5 rats
38 creatures vanquished.

Notes
Turn   | Place    | Note
-------+----------+-------------------------------------------
     0 | D:1      | EnegeticOcto the Vine Stalker Arcane Marksman began the
                  | quest for the Orb.
     0 | D:1      | Reached XP level 1. HP: 9/9 MP: 3/3
    48 | D:1      | Reached skill level 1 in Fighting
    68 | D:1      | Reached XP level 2. HP: 14/14 MP: 4/4
   169 | D:1      | Reached skill level 2 in Slings
   493 | D:1      | Reached XP level 3. HP: 18/18 MP: 6/6
   560 | D:1      | Reached skill level 2 in Fighting
  1442 | D:2      | Gained mutation: Scrolls take you a little longer to read.
                  | [potion of mutation]
  1442 | D:2      | Lost mutation: Scrolls take you a little longer to read.
                  | [potion of mutation]
  1442 | D:2      | Gained mutation: You are partially covered in iridescent
                  | scales. (AC +2) [potion of mutation]
  1443 | D:2      | Succumbed to an adder's poison

Illustrated notes

Levels and vault maps discovered:
D:1:      erik_arrival_cave_to_civilisation [erik_arrival_cave_to_temple],
          layout_loops_ring, minmay_tetromino_o4
D:2:      layout_rooms, nicolae_gozag_seed_capital

Skill      XL: |  1  2  3 |
---------------+----------+-----
Fighting       | 1 2 |  2.6
Slings         | 2 |  2.0
Dodging        | |  1.7
Spellcasting   | |  1.4
Hexes          | |  3.1

Action                   || total
-------------------------++-------
Melee: Short sword       ||    51
       Bite              ||    13
 Fire: Hunting sling     ||    61
  Use: Potion            ||     3
Armor: Robe              ||    17
Dodge: Dodged            ||    67
